 Dungeon Crawl Stone Soup version 0.30.1-11-g7821555f0a (webtiles) character file.

Game seed: 1114051467017218218

135 comborobin the Cutter (level 5, -1/32 HPs)
             Began as a Kobold Delver on Dec 28, 2023.
             Splashed by a jelly's acid (4 damage)
             ... on level 5 of the Dungeon.
             The game lasted 00:02:06 (1544 turns).

comborobin the Cutter (Kobold Delver)               Turns: 1544, Time: 00:02:06

Health: -1/32      AC: -4    Str:  9    XL:     5   Next: 42%
Magic:  5/5        EV: 14    Int: 14    God:
Gold:   129        SH:  0    Dex: 16    Spells: 4/4 levels left

rFire   . . .        l - +2 dagger (vamp)
rCold   . . .        (no shield)
rNeg    . . .        b - +0 leather armour
rPois   .            (no helmet)
rElec   .            h - +0 cloak
rCorr   .            (no gloves)
SInv    .            (no boots)
Will    .....        (no amulet)
Stlth   ++++         f - +4 ring of slaying
HPRegen 0.25/turn    (no ring)
MPRegen 0.09/turn

%: no passive effects
@: corroded
A: small, no large weapons, nightstalker 3
a: no special abilities


You were on level 5 of the Dungeon.
You visited 1 branch of the dungeon, and saw 5 of its levels.

You collected 129 gold pieces.

Inventory:

Hand Weapons
 a - a +0 short sword
 i - a +2 antimagic dagger
 l - a +2 vampiric dagger (weapon)
Armour
 b - a +0 leather armour (worn)
 h - a +0 cloak (worn)
Jewellery
 f - a +4 ring of slaying (left hand)
Scrolls
 c - 2 scrolls of fog
 d - 3 scrolls of identify {unknown}
 e - a scroll of noise {unknown}
Potions
 g - a potion of lignification {unknown}
 j - a potion of haste
 k - a potion of heal wounds {unknown}


   Skills:
 - Level 3.3 Fighting
 + Level 6.9 Short Blades
 - Level 2.4 Dodging
 - Level 6.6 Stealth


You had 4 spell levels left.
You didn't know any spells.
Your spell library was empty.

Dungeon Overview and Level Annotations

Branches:
Dungeon (6/15)             Temple (0/1) D:5

Altars:


Innate Abilities, Weirdness & Mutations

You are small and have problems with some larger weapons.
You are completely attuned to the shadows.


Message History

You see here a +0 robe.
You see here 5 stones.
You see here a +0 leather armour.
There is a stone staircase leading down here.
You climb downwards.
There is a stone staircase leading up here.
Found a glaive.
Unknown command.
The helpless phantom fails to defend itself.
You perforate the phantom like a sieve!!!
You destroy the phantom!
Your Short Blades skill increases to level 6!
You have reached level 5!
You feel clever.
Found a stone staircase leading up.
(D) Dungeon (T) Temple
Where to? (Enter - Temple, ? - help)
There is a stone staircase leading down, spattered with blood here.
You climb downwards.
There is a stone staircase leading up here.
Sorry, I don't know how to get there.
You now have 114 gold pieces (gained 10).
You now have 129 gold pieces (gained 15).
A jelly comes into view.
The jelly quivers.
A jelly is nearby!
You hit the jelly. The acid corrodes you!
Your hands burn!
The jelly is moderately wounded.
You hit the jelly.
You feel better. The acid corrodes you!
Your hands burn!
The jelly is moderately wounded.
The jelly hits you. The acid corrodes you!
You are splashed with acid!
You hit the jelly but do no damage.
Your hands burn!
The jelly is moderately wounded.
The jelly hits you.
You are splashed with acid!
* * * LOW HITPOINT WARNING * * *
You hit the jelly but do no damage. The acid corrodes you!
Your hands burn!
* * * LOW HITPOINT WARNING * * *
The jelly is moderately wounded.
You hit the jelly.
You feel better.
Your hands burn!
You die...

,,,**,,,,**,,,*#...##.###......#
*,**,,**,***,,#.......######..##
*,*,,**,,,,,,,..........##....###
,,,,**,,**,,,,,,,..........#.....
,⌠,,*,,,*,,,...............##.>..
,,,,,,,,,,,,.....................
**,,,,,,,,,,............##[....#.
,,,***,,,,,,........##.........##
,,****,,,,,,...J@......#.##......
,,,**,,,,,,,......##...#.##..#.##
,,***,,,,,,,.......##..#########
,,,*,,,,,,,,........####**
*,,,,,,,,,,,..?......,**,**
,,,,,,,,,,,,,,,,,,,<,**,,,**
,,,,,,,,,*,,*,,,,,,,,,,,,,,*
,,,,,,,,,,*,,,,,*,,,,,,,*,**
*,,,,,,,***,,,,,,,,**,,,,**


You could see a jelly.

Vanquished Creatures
  A phantom (D:4)
  2 gnolls
  An adder (D:2)
  2 dart slugs
  4 orcs (D:3)
  An endoplasm (D:3)
  2 giant cockroaches
  2 goblins
  2 hobgoblins (D:2)
  3 quokkas
  2 ball pythons (D:3)
  A bat (D:2)
  3 kobolds
26 creatures vanquished.

Notes
Turn   | Place    | Note
-------+----------+-------------------------------------------
     0 | D:5      | comborobin the Kobold Delver began the quest for the Orb.
     0 | D:5      | Reached XP level 1. HP: 14/14 MP: 1/1
     1 | D:6      | Noticed an ice beast
    21 | D:5      | Noticed an iguana
    26 | D:4      | Noticed a phantom
   214 | D:3      | Reached XP level 2. HP: 19/19 MP: 2/2
   674 | D:2      | Reached XP level 3. HP: 17/23 MP: 3/3
   683 | D:2      | Reached skill level 5 in Short Blades
   823 | D:2      | HP: 1/23 [gnoll/+0 club (4)]
   999 | D:2      | Reached XP level 4. HP: 28/28 MP: 1/4
  1481 | D:4      | Killed a phantom
  1482 | D:4      | Reached XP level 5. HP: 32/32 MP: 5/5
  1543 | D:5      | HP: 1/32 [acid (1)]
  1544 | D:5      | Splashed by a jelly's acid

Illustrated notes

Levels and vault maps discovered:
D:2:      layout_rooms, nrook_mini_vaults, uniq_terence
D:3:      layout_basic
D:4:      layout_cave_pools, mainiacjoe_overflow_24_doors,
          nicolae_ru_the_path_less_chosen, uniq_crazy_yiuf_cottage,
          uniq_blork_the_orc
D:5:      layout_cave_pools, minmay_temple_entry_waves, kennysheep_potato,
          uniq_duvessa
D:6:      kennysheep_spiral_hall, layout_basic, lemuel_crystal_altar,
          lemuel_zombie_altar_kikubaaqudgha,
          mainiacjoe_overflow_surrounded_room, minivault_25

Skill      XL: |  1  2  3  4 |
---------------+-------------+-----
Short Blades   | 3 4 5 6 |  6.9
Fighting       | |  3.3
Dodging        | |  2.4
Stealth        | |  6.6

Action                     |  1- 3 |  4- 6 || total
---------------------------+-------+-------++-------
  Melee: Short sword       |    52 |       ||    52
         Dagger            |    13 |    26 ||    39
  Evoke: Wand              |     3 |       ||     3
    Use: Scroll            |     2 |       ||     2
         Potion            |     2 |       ||     2
   Stab: Sleeping          |     9 |     1 ||    10
 Armour: Leather armour    |    12 |     4 ||    16
  Dodge: Dodged            |    46 |     9 ||    55
